 Dungeon Crawl Stone Soup version 0.29.1-15-g9cfb28693d (webtiles) character file.

Game seed: 15271100887513541114

700 urmum the Ruffian (level 7, 0/65 (66) HPs)
             Began as a Troll Warper on May 18, 2023.
             Slain by a jelly (2 damage)
             ... on level 5 of the Dungeon on May 22, 2023.
             The game lasted 00:30:41 (1890 turns).

urmum the Ruffian (Troll Warper)                    Turns: 1890, Time: 00:30:41

HP:   0/65 (66)     AC:  4    Str: 20    XL:     7   Next: 38%
MP:   8/8           EV: 10    Int:  9    God:
Gold: 129           SH:  0    Dex: 11    Spells: 9/9 levels left

rFire   . . .      SeeInvis .     - Unarmed
rCold   + . .      Faith    .   (no shield)
rNeg    . . .      Spirit   .   a - +0 robe
rPois   .          Reflect  .   (helmet restricted)
rElec   .          Harm     .   (no cloak)
rCorr   .          Rampage  .   (gloves unavailable)
Will    .....                   (boots unavailable)
Stlth   +.........              (no amulet)
HPRegen 1.00/turn               g - ring of protection from cold
MPRegen 0.11/turn               (no ring)

@: lightly drained
A: large, unfitting armour, claws 3, regeneration 1, shaggy fur 1, tough skin 1
a: no special abilities


You were on level 5 of the Dungeon.
You visited 1 branch of the dungeon, and saw 5 of its levels.

You collected 129 gold pieces.

Inventory:

Missiles
 e - 3 boomerangs (quivered)
Armour
 a - a +0 robe (worn)
Jewellery
 g - a ring of protection from cold (left claw)
Wands
 h - a wand of paralysis (2)
Scrolls
 b - a scroll of silence {unknown}
 c - 2 scrolls of identify {unknown}
 f - 2 scrolls of fear {unknown}
 i - a scroll of magic mapping {unknown}
 l - a scroll of blinking
Potions
 d - a potion of haste {unknown}
 j - a potion of flight {unknown}
 k - a potion of resistance {unknown}


   Skills:
 + Level 2.5 Fighting
 + Level 2.1 Throwing
 + Level 3.7 Dodging
 + Level 0.9 Stealth
 + Level 5.3 Unarmed Combat
 + Level 1.6 Spellcasting
 + Level 2.8 Translocations
 + Level 0.1 Evocations


You had 9 spell levels left.
You didn't know any spells.
Your spell library contained the following spells:

 Spells                   Type           Power      Damage    Failure   Level
 Blink                    Tloc           10%        N/A       17%         2
 Gell's Gravitas          Tloc           5%         N/A       32%         3
 Lesser Beckoning         Tloc           5%         N/A       32%         3
 Teleport Other           Tloc           5%         N/A       32%         3
 Summon Small Mammal      Summ           0%         N/A       34%         1
 Call Canine Familiar     Summ           0%         N/A       71%         3
 Frozen Ramparts          Ice            0%         1d1       71%         3
 Summon Guardian Golem    Hex/Summ       0%         N/A       71%         3
 Manifold Assault         Tloc           5%         N/A       97%         5
 Ice Form                 Ice/Tmut       0%         N/A       98%         4
 Summon Ice Beast         Ice/Summ       0%         N/A       98%         4
 Orb of Destruction       Conj           0%         9d5       100%        7
 Spellforged Servitor     Conj/Summ      0%         N/A       100%        7


Dungeon Overview and Level Annotations

Branches:
Dungeon (5/15)
 Temple: D:4-7

Altars:

Annotations:
D:3 1 transporter, mkat's ghost, amateur PaEE


Innate Abilities, Weirdness & Mutations

You are too large for most types of armour.
You have claws for hands.
Your natural rate of healing is unusually fast.
You are covered in fur. (AC +1)
You have tough skin. (AC +1)


Message History

You barely miss the adder. The adder closely misses you. The adder bites you.
You completely miss the adder. The adder closely misses you.
You miss the adder. The adder bites you.
You scratch the adder.
The adder is severely wounded.
The adder barely misses you.
You claw the adder!
You kill the adder!
You scratch the necrophage.
The necrophage is lightly damaged.
The necrophage hits you but does no damage.
You claw the necrophage!
The necrophage is severely damaged.
You barely miss the necrophage.
The necrophage is severely damaged.
The necrophage hits you.
You feel drained.
You closely miss the necrophage.
The necrophage is severely damaged.
The necrophage hits you.
You closely miss the necrophage.
The necrophage is severely damaged.
The necrophage hits you.
You feel drained.
You mangle the necrophage!!
You destroy the necrophage!
You scratch the jelly.
Your claws burn!
The jelly is moderately wounded.
The jelly hits you.
You are splashed with acid!
* * * LOW HITPOINT WARNING * * *
You claw the jelly!
Your claws burn!
* * * LOW HITPOINT WARNING * * *
The jelly is almost dead.
The jelly hits you.
* * * LOW HITPOINT WARNING * * *
You are splashed with acid.
* * * LOW HITPOINT WARNING * * *
You scratch the jelly.
Your claws burn!
* * * LOW HITPOINT WARNING * * *
The jelly is almost dead.
The jelly hits you.
You die...

#....#### ..#
#.#### #..# ..
#...### ...#...
#.....## ...#...
#......###.....
#.###..##....#
#.# #...#wO..#
#..##...#oo..####
#......@Jgg......
###########.#####
... .## .# #


You could see an ogre, a jelly, 2 gnolls and 2 orcs.

Vanquished Creatures
  An ogre (D:5)
  2 scorpions
  A necrophage (D:5)
  5 hounds
  4 iguanas
  Robin (D:3)
  A gnoll (D:2)
  9 adders
  2 ufetubi (D:5)
  3 worms
  A dart slug (D:5)
  An orc (D:5)
  2 bats (D:3)
  5 endoplasms
  A giant cockroach (D:3)
  15 goblins
  6 hobgoblins
  2 jackals
  3 kobolds
  5 ball pythons
  2 frilled lizards
  2 rats (D:2)
74 creatures vanquished.

Notes
Turn   | Place    | Note
-------+----------+-------------------------------------------
     0 | D:1      | urmum the Troll Warper began the quest for the Orb.
     0 | D:1      | Reached XP level 1. HP: 19/19 MP: 1/1
    59 | D:1      | You fall into a shaft and drop 1 floor!
   222 | D:1      | Reached XP level 2. HP: 28/28 MP: 3/3
   453 | D:2      | Reached skill level 1 in Throwing
   462 | D:2      | Reached XP level 3. HP: 12/35 MP: 4/4
   570 | D:3      | Found a transporter.
   572 | D:3      | Noticed mkat's ghost (amateur PaEE)
   577 | D:3      | Noticed Robin
   590 | D:3      | Killed Robin
   600 | D:3      | Reached XP level 4. HP: 40/42 MP: 5/5
   915 | D:3      | Reached skill level 3 in Unarmed Combat
   938 | D:3      | Reached XP level 5. HP: 45/49 MP: 6/6
  1037 | D:4      | Reached skill level 4 in Unarmed Combat
  1037 | D:4      | Reached XP level 6. HP: 24/57 MP: 7/7
  1150 | D:5      | Entered Level 5 of the Dungeon
  1159 | D:5      | HP: 2/57 [iguana (3)]
  1810 | D:5      | Reached skill level 5 in Unarmed Combat
  1810 | D:5      | Reached XP level 7. HP: 66/66 MP: 8/8
  1890 | D:5      | HP: 2/65 [acid (4)]
  1890 | D:5      | Slain by a jelly

Illustrated notes

Levels and vault maps discovered:
D:1:      spicycebolla_arrival_risky_transporter, layout_basic
D:2:      minmay_spotlight, layout_basic,
          hellmonk_ecumenical_altar_inner_sanctum, st_stairs_8,
          kennysheep_big_empty_room
D:3:      layout_loops_ring, gammafunk_ghost_mausoleum, chequers_mini_garden,
          uniq_robin
D:4:      layout_rooms
D:5:      minmay_recursive_quarters, layout_basic, uniq_grinder

Skill      XL: |  1  2  3  4  5  6  7 |
---------------+----------------------+-----
Dodging        | 2 3 |  3.7
Throwing       | 1 2 |  2.1
Unarmed Combat | 3 4 5 |  5.3
Fighting       | 2 |  2.5
Stealth        | |  0.9
Spellcasting   | |  1.6
Translocations | |  2.8
Evocations     | |  0.1

Action                   |  1- 3 |  4- 6 |  7- 9 || total
-------------------------+-------+-------+-------++-------
Melee: Unarmed           |    68 |   123 |    25 ||   216
       Punch             |     2 |     3 |       ||     5
Throw: Boomerang         |     7 |    23 |     3 ||    33
Evoke: Wand              |       |     3 |       ||     3
  Use: Scroll            |     1 |       |       ||     1
 Stab: Sleeping          |       |     2 |       ||     2
Armor: Robe              |    28 |    56 |     6 ||    90
Dodge: Dodged            |    39 |   109 |    19 ||   167
